 Dungeon Crawl Stone Soup version 0.29-a0-1027-gcd8c55af63 (webtiles) character file.

Game seed: 16314559355363209731

1546 spaghetti the Spear-Bearer (level 8, -4/106 HPs)
             Began as an Ogre Chaos Knight on Aug 12, 2022.
             Was a Plaything of Xom.
             Slain by a hog (7 damage)
             ... on level 6 of the Dungeon.
             The game lasted 00:10:47 (7027 turns).

spaghetti the Spear-Bearer (Ogre Chaos Knight)      Turns: 7027, Time: 00:10:49

Health: -4/106     AC:  5    Str: 17    XL:     8   Next: 87%
Magic:  8/8        EV:  9    Int: 21    God:    Xom [......]
Gold:   128        SH:  0    Dex:  8    Spells: 3/7 levels left

rFire   . . .      SeeInvis +   F - +1 spear (flame) {polearm}
rCold   + . .      Faith    .   (no shield)
rNeg    + . .      Spirit   .   g - +0 steam dragon scales
rPois   +          Reflect  .   (helmet restricted)
rElec   .          Harm     .   o - +1 cloak {rPois}
rCorr   .          Rampage  .   (gloves unavailable)
Will    .....      Rage     3%  (boots unavailable)
Stlth   +.........              (no amulet)
HPRegen 0.27/turn               h - +6 ring of intelligence
MPRegen 0.11/turn               C - ring "Ecricvudu" {rC+ rN+}

@: on berserk cooldown, slowed, studying Polearms, very slow
A: large, unfitting armour, tough skin 1, see invisible, berserk 1, deformed
body, robust 1, no potion heal 1, MP-powered wands, sturdy frame 1
a: Renounce Religion


You were on level 6 of the Dungeon.
You worshipped Xom.
You were a very special plaything of Xom.
You visited 1 branch of the dungeon, and saw 7 of its levels.

You collected 471 gold pieces.
You spent 343 gold pieces at shops.


Innate Abilities, Weirdness & Mutations

You are too large for most types of armour.
You have tough skin. (AC +1)
You have supernaturally acute eyesight. (SInv)
You sometimes lose your temper in combat.
Armour fits poorly on your strangely shaped body.
You are robust. (+10% HP)
Potions are less effective at restoring your health.
You expend magic power (3 MP) to strengthen your wands.
Your movements are slightly less encumbered by armour. (ER -2)


   Skills:
 + Level 11.4 Fighting
 - Level 13.2 Polearms
 - Level 2.1 Dodging
 - Level 2.7 Unarmed Combat
 + Level 3.9 Summonings
 + Level 3.9 Ice Magic


You had 3 spell levels left.
You knew the following spells:

 Your Spells              Type           Power      Damage    Failure   Level
a - Summon Ice Beast      Ice/Summ       16%        N/A       34%         4

Your spell library contained the following spells:

 Spells                   Type           Power      Damage    Failure   Level
 Summon Mana Viper        Hex/Summ       8%         N/A       92%         5
 Monstrous Menagerie      Summ           8%         N/A       100%        7

Inventory:

Hand Weapons
 F - a +1 spear of flaming (weapon) {polearm}
   (You took it off a gnoll on level 5 of the Dungeon)
Missiles
 d - 53 stones {throwing}
 e - a throwing net {=f!fthrowing}
 f - 4 javelins {throwing}
Armour
 g - +0 steam dragon scales (worn)
   (You took it off Maggie on level 6 of the Dungeon)
 o - a +1 cloak of poison resistance (worn)
   (You bought it in a shop on level 6 of the Dungeon)
Magical Staves
 x - a staff of death {!astaff}
   (You found it on level 3 of the Dungeon)
 y - a staff of earth {!astaff}
   (You found it on level 3 of the Dungeon)
Jewellery
 h - a +6 ring of intelligence (left hand)
   (You found it on level 5 of the Dungeon)
 C - the ring "Ecricvudu" (right hand) {rC+ rN+}
   (Xom gifted it to you on level 5 of the Dungeon)

   [ring of positive energy]

   rC:        It protects you from cold.
   rN:        It protects you from negative energy.
Wands
 p - a wand of flame (13)
   (You found it on level 6 of the Dungeon)
Scrolls
 a - 4 scrolls of teleportation {@r4}
 c - 2 scrolls of identify {@r1}
 i - 2 scrolls of immolation {!r!r}
 j - a scroll of silence {!r}
 k - 3 scrolls of poison {!r}
 l - a scroll of summoning
 m - a scroll of magic mapping {unknown}
 w - a scroll of vulnerability {!r!r}
Potions
 n - a potion of ambrosia
 q - a potion of curing {@q1}
 s - a potion of flight
Miscellaneous
 b - a piece from Xom's chessboard (15/15) (quivered)

Dungeon Overview and Level Annotations

Branches:
Dungeon (7/15) Zot: 26465  Temple (0/1) D:6

Altars:
Gozag
Okawaru
Qazlal
Ru
Vehumet
Wu Jian

Shops:
D:6 *!(*

Annotations:
D:6 exclusion: statue

.#....8........b..##.......###
...................##....#.##
........<................#..#
.....#................#.....#
.....#...b∩.[.......###.....#
...................## #.##..#
............>......# #.....#
...##.#.##.........####.....#
..##..........8.@........####
..#####....##...h..........##
#.#..................##.....#
#...................###.....#
#..................## #######
+..#..............##
#..##.....)......##
#.........)....###
'.)..#..).......#


You could see a hog.


Message History

You barely miss the human.
The wight hits you from afar with a +2 halberd of freezing.
* * * LOW HITPOINT WARNING * * *
The human barely misses you.
The human hits your ice beast with a +0 hand axe. 😱 HP[-2]
You take 2 damage, and now have 32/157 hp.
You miss the human.
Your ice beast barely misses the human.
You closely miss the human. 😱 HP[+1] Unknown command.
You hit the human. You burn the human. The wight closely misses you.
The human barely misses you.
The human hits your ice beast with a +0 hand axe.
You puncture the human! You burn the human.
Your ice beast hits the human.
Your ice beast freezes the human!
The human dies!
Your life force feels restored. 😱 MP[+1]
You now have 159 max hp (+2).
Reach: F) +1 spear (flame) {polearm}
Press: ? - help, Dir - move target, f - hog
Aim: a hog (magical condensation, about 27% to evade your +1 spear of flaming)
You reach to attack!
You puncture the hog! You burn the hog. You closely miss the hog.
The wight hits you from afar with a +2 halberd of freezing.
* * * LOW HITPOINT WARNING * * *
The wight freezes you.
* * * LOW HITPOINT WARNING * * *
😱 HP[-7]
You take 7 damage, and now have 26/159 hp.
You closely miss the hog.
Your ice beast barely misses the hog.
Unknown command.
Your magical contamination has completely faded away.
You feel a strong urge to attack something. 😱 HP[+1]
You feel your anger nearly subside.
You are no longer berserk.
You are exhausted.
You feel yourself slow down.
Xom calls forth mighty explosions.
The fireball engulfs the yak!
The fireball engulfs your ice beast!
Your ice beast melts!
Your ice beast dies!
Your ice beast disappears in a puff of smoke!
The fireball engulfs the yak!
The fireball engulfs the wight.
The fireball engulfs the wight! x2
The wight is destroyed!
The wight disappears in a puff of smoke!
The fireball engulfs the yak.
The fireball engulfs the wight.
The yak bellows! x2
There is an escape hatch in the ceiling here.
Unknown command.
Unknown command. 😱 HP[-9]
You now have 106 max hp (-53).
The yak bellows! "The weather's been a little too boring around here."
The hog bites you!
* * * LOW HITPOINT WARNING * * *
The hog closely misses you. A mysterious force pulls you upwards.
The hatch slams shut behind you.
Level annotation: exclusion: statue Unknown command. 😱 HP[-11]
You take 11 damage, and now have 7/106 hp.
Unknown command.
Unknown command.
Okay, then.
Your system partially rejects the healing.
You feel better. The hog closely misses you.
The hog barely misses you. 😱 HP[+3]
You regained 3 hp, and now have 10/106 hp.
You are confused.
Your system partially rejects the healing.
You feel invigorated. The hog bites you but does no damage. The hog bites you.
* * * LOW HITPOINT WARNING * * *
😱 HP[-1] MP[+7]
You take 1 damage, and now have 9/106 hp.
Your mp is fully restored (8).
Unknown command.
Unknown command.
Unknown command.
Unknown command.
You feel less invigorated.
You feel less confused. The hog bites you!
* * * LOW HITPOINT WARNING * * *
The hog barely misses you. 😱 HP[-4]
You take 4 damage, and now have 5/106 hp.
Unknown command.
You puncture the hog! You burn the hog. The hog bites you.
* * * LOW HITPOINT WARNING * * *
😱 HP[-2]
You take 2 damage, and now have 3/106 hp.
Unknown command.
Unknown command.
You barely miss the hog. The hog bites you!
You die...
Xom cackles wildly!

Skill      XL: |  1  2  3  4  5  6  7  8 |
---------------+-------------------------+-----
Polearms       | 1 2 13 | 13.2
Fighting       | 5 10 11 | 11.4
Summonings     | 1 2 3 |  3.9
Ice Magic      | 1 2 3 |  3.9
Dodging        | |  2.1
Unarmed Combat | |  2.7

Action                   |  1- 3 |  4- 6 |  7- 9 || total
-------------------------+-------+-------+-------++-------
Melee: Unarmed           |   151 |       |       ||   151
       Punch             |     4 |     2 |     2 ||     8
       Spear             |    33 |   156 |   228 ||   417
 Cast: Summon Ice Beast  |       |       |     1 ||     1
  Use: Potion            |       |     3 |    11 ||    14
       Scroll            |       |       |     9 ||     9
 Stab: Petrified         |       |     4 |       ||     4
       Sleeping          |       |     1 |       ||     1
Armor: Robe              |    84 |    60 |    26 ||   170
       Steam dragon scal |       |       |    23 ||    23
Dodge: Dodged            |    87 |    65 |    80 ||   232

Levels and vault maps discovered:
D:1:      dpeg_arrival_round_b, layout_basic, basic_ecumenical_altar
D:2:      layout_basic, nrook_campfire, kennysheep_cluttered_room
D:3:      layout_basic, nrook_uturn, chequers_garden
D:4:      layout_cave_pools
D:5:      layout_loops_ring, lemuel_doored_altar
D:6:      layout_cave_pools, mainiacjoe_overflow_24_doors, vehumet_statue,
          overflow_temple_1_default, minmay_temple_entry_butterflies,
          serial_shops, nicolae_stop_n_shop_1, shop, kennysheep_mini_moat,
          nicolae_shop_overgrown_old_shop, uniq_maggie
D:7:      layout_rooms, nicolae_qazlal_eye_of_the_storm, general_overflow_altar,
          lemuel_coloured_pillars_altar, grunt_livestock

Notes
Turn   | Place    | Note
-------+----------+-------------------------------------------
     0 | D:1      | spaghetti the Ogre Chaos Knight began the quest for the
                  | Orb.
     0 | D:1      | Reached XP level 1. HP: 24/24 MP: 1/1
     0 | D:1      | magus.rc [v1.9.6]
    29 | D:1      | You pick up a book of Beasts and begin reading...
    29 | D:1      | You add the spells Summon Ice Beast, Summon Mana Viper and
                  | Monstrous Menagerie to your library.
    69 | D:1      | Found a faded altar of an unknown god.
   296 | D:1      | Reached skill level 1 in Polearms
   374 | D:1      | Reached XP level 2. HP: 29/33 MP: 2/2
   511 | D:1      | XOM: silly message
   776 | D:1      | Reached skill level 2 in Polearms
   868 | D:1      | Reached XP level 3. HP: 28/41 MP: 3/3
  1125 | D:2      | Reached skill level 5 in Fighting
  1296 | D:2      | XOM is BORED!
  1296 | D:2      | XOM: silly message
  1569 | D:2      | XOM: silly message
  1993 | D:2      | XOM is BORED!
  2262 | D:3      | Reached XP level 4. HP: 45/50 MP: 4/4
  2457 | D:3      | XOM: silly message
  2849 | D:3      | XOM: cloud trail
  2915 | D:3      | XOM: silly message
  3066 | D:3      | XOM: cloud trail
  3389 | D:4      | Reached skill level 3 in Polearms
  3389 | D:4      | Reached skill level 1 in Summonings
  3389 | D:4      | Reached skill level 1 in Ice Magic
  3410 | D:4      | XOM: enchant monster (good)
  3429 | D:4      | XOM: silly message
  3754 | D:5      | Entered Level 5 of the Dungeon
  3757 | D:5      | XOM: divination: magic mapping
  3759 | D:5      | Identified a potion of experience
  3759 | D:5      | Reached skill level 10 in Fighting
  3759 | D:5      | Reached skill level 13 in Polearms
  3759 | D:5      | Reached XP level 5. HP: 25/68 MP: 5/5
  3762 | D:5      | Reached XP level 6. HP: 31/78 MP: 6/6
  3784 | D:5      | XOM: potion effect (brilliance)
  3795 | D:5      | XOM: divination: detect creatures
  3796 | D:5      | HP: 16/78 [acid (5)]
  3839 | D:5      | Identified the ring "Ecricvudu" {rC+ rN+} (Xom gifted it to
                  | you on level 5 of the Dungeon)
  3839 | D:5      | XOM: god gift: ring "Ecricvudu" {rC+ rN+}
  3847 | D:5      | Learned a level 4 spell: Summon Ice Beast
  4104 | D:5      | XOM: smoke on damage
  4132 | D:5      | XOM: silly message
  4413 | D:5      | Found a sacrificial altar of Ru.
  4524 | D:5      | XOM: 1-stop teleportation journey
  4590 | D:5      | Reached skill level 2 in Summonings
  4590 | D:5      | Reached skill level 2 in Ice Magic
  4590 | D:5      | Reached XP level 7. HP: 82/87 MP: 7/7
  5130 | D:5      | XOM: give mutations
  5130 | D:5      | Gained mutation: You occasionally shout uncontrollably at
                  | your foes. [Xom's mischief]
  5130 | D:5      | Gained mutation: Potions are less effective at restoring
                  | your health. [Xom's mischief]
  5130 | D:5      | Gained mutation: You are dopey. (Int -2) [Xom's mischief]
  5131 | D:5      | XOM: summons 4 hostile demons
  5132 | D:5      | Noticed an ice devil
  5377 | D:6      | Found a staircase to the Ecumenical Temple.
  5404 | D:6      | Found an opulent altar of Gozag.
  5576 | D:6      | Found Dizugryl's Weapon Shop.
  5580 | D:6      | Noticed Maggie
  5587 | D:6      | XOM: potion effect (heal wounds)
  5597 | D:6      | Killed Maggie
  5598 | D:6      | Reached skill level 3 in Summonings
  5598 | D:6      | Reached skill level 3 in Ice Magic
  5598 | D:6      | Reached XP level 8. HP: 64/96 MP: 8/8
  5704 | D:6      | XOM: draining
  5822 | D:6      | XOM: noise
  5846 | D:6      | XOM: give mutations
  5846 | D:6      | Gained mutation: Armour fits poorly on your strangely
                  | shaped body. [Xom's mischief]
  5846 | D:6      | Gained mutation: Your body sometimes deteriorates upon
                  | taking damage. [Xom's mischief]
  5847 | D:6      | XOM: confusion
  5859 | D:6      | XOM: 3-stop teleportation journey
  5860 | D:6      | Found an ornate altar of the Wu Jian Council.
  5861 | D:6      | Found Fiddyko's Distillery.
  5997 | D:6      | Bought a potion of mutation for 96 gold pieces
  5997 | D:6      | Lost mutation: Your body sometimes deteriorates upon taking
                  | damage. [potion of mutation]
  5997 | D:6      | Lost mutation: You are dopey. (Int -2) [potion of mutation]
  5997 | D:6      | Gained mutation: You expend magic power (3 MP) to
                  | strengthen your wands. [potion of mutation]
  5997 | D:6      | Gained mutation: You sometimes lose your temper in combat.
                  | [potion of mutation]
  6022 | D:6      | Found a radiant altar of Vehumet.
  6069 | D:6      | Found Reqaxzof's Assorted Antiques.
  6072 | D:6      | Bought a runed cloak for 247 gold pieces
  6157 | D:6      | Found Oshry's Assorted Antiques.
  6319 | D:6      | XOM: potion effect (brilliance)
  6326 | D:6      | Reached skill level 11 in Fighting
  6511 | D:7      | XOM: divination: detect creatures
  6515 | D:7      | XOM: scenery: summon butterflies
  6836 | D:7      | XOM: give mutations
  6836 | D:7      | Gained mutation: Your movements are slightly less
                  | encumbered by armour. (ER -2) [Xom's grace]
  6836 | D:7      | Gained mutation: You have supernaturally acute eyesight.
                  | (SInv) [Xom's grace]
  6841 | D:7      | Found a stormy altar of Qazlal.
  6889 | D:7      | XOM: give mutations
  6889 | D:7      | Gained mutation: You are robust. (+10% HP) [Xom's mischief]
  6889 | D:7      | Lost mutation: You occasionally shout uncontrollably at
                  | your foes. [Xom's mischief]
  6945 | D:7      | Found an iron altar of Okawaru.
  6986 | D:7      | Noticed a yak
  6987 | D:7      | Noticed a yak
  6987 | D:7      | Noticed a yak
  6991 | D:7      | XOM: summons 3 hostile shadow creatures
  6998 | D:7      | XOM: smoke on damage
  7003 | D:7      | HP: 22/105 [human/+0 hand axe (6)]
  7009 | D:7      | HP: 32/157 [wight/+2 halberd of freezing[Xom] (2)]
  7015 | D:7      | HP: 27/159 [wight/+2 halberd of freezing[Xom] (6)]
  7020 | D:7      | XOM: destruction
  7021 | D:7      | XOM: fog
  7021 | D:7      | HP: 6/106 [hog (12)]
  7026 | D:6      | HP: 3/106 [hog (2)]
  7027 | D:6      | Slain by a hog

Vanquished Creatures
  Maggie (D:6)
  2 water moccasins
  A phantom (D:5)
  A scorpion (D:5)
  3 wights (D:7)
  3 hounds
  A gnoll bouda (D:5)
  2 jellies (D:5)
  An orc priest (D:6)
  2 iguanas (D:5)
  An orc wizard (D:6)
  14 gnolls
  4 adders
  A shadow imp (D:6)
  2 white imps
  An ufetubus (D:4)
  3 dart slugs
  8 orcs
  11 bats
  4 endoplasms
  4 giant cockroaches
  3 goblins
  5 hobgoblins
  5 quokkas
  7 ball pythons
  2 frilled lizards
  7 kobolds
  2 rats
101 creatures vanquished.

Vanquished Creatures (collateral kills)
  A human (D:7)
1 creature vanquished.

Vanquished Creatures (others)
  4 plants (D:6)
4 creatures vanquished.

Grand Total: 106 creatures vanquished

Table legend:
 A = Non-vault XP
 B = Vault XP
 C = Vault XP percentage of total XP
 D = Non-vault monster count
 E = Vault monster count
 F = Vault count percentage of total count
                 A         B        C        D         E       F
            +---------+---------+-------+---------+---------+-------
      Total |    1499 |     565 |  27.4 |     100 |       2 |   2.0
            +---------+---------+-------+---------+---------+-------
        D:1 |      36 |       0 |   0.0 |      19 |       0 |   0.0
        D:2 |      45 |       0 |   0.0 |      20 |       0 |   0.0
        D:3 |      17 |       0 |   0.0 |      10 |       0 |   0.0
        D:4 |      57 |       0 |   0.0 |       6 |       0 |   0.0
        D:5 |     583 |       0 |   0.0 |      23 |       0 |   0.0
        D:6 |     388 |     365 |  48.5 |      14 |       1 |   6.7
        D:7 |     373 |     200 |  34.9 |       8 |       1 |  11.1
            +---------+---------+-------+---------+---------+-------

Illustrated notes

Table legend:
 A = Kills in this place as a percentage of kills in entire the game.
 B = Kills by you in this place as a percentage of kills by you in the entire game.
 C = Kills by friends in this place as a percentage of kills by friends in the entire game.
 D = Other kills in this place as a percentage of other kills in the entire game.
 E = Experience gained in this place as a percentage of experience gained in the entire game.
 F = Experience gained in this place divided by the number of levels of this place that you have seen.
                   A       B       C       D       E      F
               +-------+-------+-------+-------+-------+----------------------
         Total | 100.0 | 100.0 | 100.0 |   N/A | 100.0 | 294.9
       Dungeon | 100.0 | 100.0 | 100.0 |   N/A | 100.0 | 294.9
               +-------+-------+-------+-------+-------+----------------------

Table legend: (Time is in decaauts)
 A = Elapsed time spent in this place.
 B = Non-inter-level travel time spent in this place.
 C = Inter-level travel time spent in this place.
 D = Time resting spent in this place.
 E = Time spent auto-exploring this place.
 F = Levels seen in this place.
 G = Mean time per level.
                   A        B        C        D        E       F      G
               +--------+--------+--------+--------+--------+-----+--------+
         Total |   6926 |   6860 |     66 |    455 |   5504 |   7 |  989.4 |
       Dungeon |   6926 |   6860 |     66 |    455 |   5504 |   7 |  989.4 |
               +--------+--------+--------+--------+--------+-----+--------+

Top non-repeatable levels by time:
     D:5: 1584 daAuts
     D:2: 1174 daAuts
     D:3: 1137 daAuts
     D:6: 1068 daAuts
     D:1: 1066 daAuts
     D:7: 527 daAuts
     D:4: 368 daAuts
